 Dungeon Crawl Stone Soup version 0.27.1-34-g3ba077fa99 (webtiles) character file.

Game seed: 7335463715939441196

59 iwittbrodt the Covered (level 4, -3/35 HPs)
             Began as a Human Fighter on Jan 14, 2022.
             Slain by Sigmund (8 damage)
             ... on level 3 of the Dungeon.
             The game lasted 00:09:26 (1597 turns).

iwittbrodt the Covered (Human Fighter)              Turns: 1597, Time: 00:09:27

Health: -3/35      AC:  6    Str: 17    XL:     4   Next: 22%
Magic:  4/4        EV:  7    Int:  9    God:
Gold:   117        SH:  9    Dex: 12    Spells: 3/3 levels left

rFire    . . .     SeeInvis .   a - +0 war axe
rCold    . . .     Faith    .   c - +0 kite shield
rNeg     . . .     Spirit   .   b - +0 scale mail
rPois    .         Reflect  .   (no helmet)
rElec    .         Harm     .   (no cloak)
rCorr    .         Rampage  .   (no gloves)
Will     .....                  (no boots)
Stlth    ..........             (no amulet)
HPRegen  0.11/turn              f - +4 ring of slaying
MPRegen  0.09/turn              i - +4 ring of slaying

@: no status effects
A: no striking features
a: no special abilities


You were on level 3 of the Dungeon.
You visited 1 branch of the dungeon, and saw 3 of its levels.

You collected 117 gold pieces.

Inventory:

Hand Weapons
 a - a +0 war axe (weapon)
Missiles
 m - 25 stones (quivered)
Armour
 b - a +0 scale mail (worn)
 c - a +0 kite shield (worn)
Jewellery
 f - a +4 ring of slaying (left hand)
 i - a +4 ring of slaying (right hand)
Scrolls
 e - a scroll of amnesia {unknown}
 g - a scroll of silence {unknown}
 j - 3 scrolls of noise {unknown}
 l - a scroll of identify {unknown}
 o - a scroll of blinking {unknown}
 p - a scroll of fog {unknown}
Potions
 d - a potion of might
 h - a potion of haste {unknown}
 k - a potion of heal wounds {unknown}
 n - a potion of mutation {unknown}
 q - a potion of curing {unknown}


   Skills:
 + Level 3.4 Fighting
 + Level 2.6 Axes
 + Level 3.5 Armour
 + Level 3.5 Shields


You had 3 spell levels left.
You didn't know any spells.
Your spell library contained the following spells:

 Spells                   Type           Power      Damage    Failure   Level
 Shock                    Conj/Air       0%         1d3       99%         1
 Swiftness                Air            0%         N/A       100%        3
 Airstrike                Air            0%         N/A       100%        4


Dungeon Overview and Level Annotations

Branches:
Dungeon (3/15)

Altars:

Annotations:
D:3 Sigmund


Message History

You closely miss the ball python.
The ball python bites you but does no damage.
The ball python constricts you. The ball python barely misses you.
The ball python constricts you.
You slash the ball python!
You kill the ball python!
You block the endoplasm's attack.
You hit the endoplasm.
The endoplasm is moderately wounded.
You block the endoplasm's attack. Something hits you.
You slash the endoplasm!
You kill the endoplasm!
Something hits you!
You close the door, pushing everything out of the way.
Something unseen opens the door.
You are confused.
You hear some strange, mumbled words.
You are more confused.
You bump into the rock wall.
Sigmund appears from thin air!
Reactivating autopickup.
Sigmund gestures at you while chanting. The magic dart hits you!
Sigmund casts a spell.
Sigmund flickers and vanishes!
Deactivating autopickup; reactivate with Ctrl-A.
A puff of flame appears from out of thin air!
The puff of flame hits you.
You bump into the rock wall.
A magic dart appears from out of thin air!
The magic dart hits you!
* * * LOW HITPOINT WARNING * * *
You bump into the rock wall.
You hear some strange, mumbled words.
Something tries to affect you, but you resist.
You bump into the rock wall.
You hear some strange, mumbled words.
Something tries to affect you, but you resist.
You feel less confused. Something hits you!
You die...

#.#####.#
#.....#####..#.##.
........#
#.................
##.##.#.####.....#
##.....##.
#..#.....##.....#
#....#....
#)###.#.##.....###....####.
#..##.#.##.................
##.#.......................
#......##.####.##..#..###.
#......##@#...............
#......##.####.#...##.#...
#......##.# #............
#......##.####............
#...>.....................
#......##.####.#...#..#.#.
####.####.................
#.# ######.#..##..#.#. #.#
#.#..........


There were no monsters in sight!

Vanquished Creatures
  2 adders (D:2)
  2 dart slugs (D:1)
  An orc (D:3)
  3 ball pythons
  4 endoplasms
  2 giant cockroaches
  2 goblins (D:1)
  A hobgoblin (D:1)
  2 quokkas (D:1)
  6 bats
  4 frilled lizards (D:1)
  3 kobolds
  5 rats
37 creatures vanquished.

Notes
Turn   | Place    | Note
-------+----------+-------------------------------------------
     0 | D:1      | iwittbrodt the Human Fighter began the quest for the Orb.
     0 | D:1      | Reached XP level 1. HP: 18/18 MP: 1/1
   229 | D:1      | Reached XP level 2. HP: 24/24 MP: 2/2
   497 | D:1      | Reached XP level 3. HP: 27/29 MP: 3/3
  1131 | D:2      | Reached XP level 4. HP: 35/35 MP: 4/4
  1565 | D:3      | Noticed Sigmund
  1597 | D:3      | Slain by Sigmund

Illustrated notes

Levels and vault maps discovered:
D:1:      heliophobic_arrival_ceremonial_halls, layout_rooms
D:2:      layout_rooms
D:3:      layout_basic, serial_shops, shop, uniq_sigmund

Action                   |  1- 3 |  4- 6 || total
-------------------------+-------+-------++-------
Melee: War axe           |    49 |    19 ||    68
Throw: Stone             |     1 |       ||     1
Armor: Scale mail        |    32 |     4 ||    36
Dodge: Dodged            |    12 |     4 ||    16
Block: Kite shield       |    23 |    13 ||    36
